 Dungeon Crawl Stone Soup version 0.25-a0-292-gaa31f046c4 (webtiles) character file.

Game seed: 7556857613537870790, levelgen mode: classic

1363 Borgoz the Slicer (level 8, 0/84 HPs)
             Began as a Kobold Fighter on Dec 16, 2019.
             Was an Initiate of Ashenzari.
             Succumbed to Eustachio's poison
             ... on level 4 of the Dungeon.
             The game lasted 00:09:43 (4193 turns).

Borgoz the Slicer (Kobold Fighter)                  Turns: 4193, Time: 00:09:43

Health: 0/84       AC: 24    Str: 13 (16) XL:     8   Next: 96%
Magic:  8/8        EV:  3    Int:  8 (9)  God:    Ashenzari [......]
Gold:   143        SH: 10    Dex: 11 (14) Spells: 7/7 levels left

rFire    . . .     SeeInvis .   a - +0 rapier (curse)
rCold    + . .     Gourm    .   c - +0 shield
rNeg     + + +     Faith    .   (armour currently unavailable)
rPois    +         Spirit   .   (helmet currently unavailable)
rElec    .         Reflect  .   (cloak currently unavailable)
rCorr    .         Harm     .   (gloves currently unavailable)
MR       +....     NoTele   +   (boots currently unavailable)
Stlth    +.........             (no amulet)
HPRegen  0.24/turn              g - ring of protection from magic
MPRegen  0.11/turn              n - ring of protection from cold

@: lethally poisoned (0 -> -1), tree-form (expiring), berserk cooldown, slowed,
very slow
A: small, carnivore
a: Curse Item, Renounce Religion


You were on level 4 of the Dungeon.
You worshipped Ashenzari.
Ashenzari was noncommittal.
You were very full.
You were a tree.
You visited 1 branch of the dungeon, and saw 4 of its levels.

You collected 143 gold pieces.

Inventory:

Hand Weapons
 a - a cursed +0 rapier (weapon)
Armour
 c - a +0 shield (worn)
 i - a +1 chain mail of magic resistance (melded)
Jewellery
 g - a ring of protection from magic (left branch)
 n - a ring of protection from cold (right branch)
Wands
 t - a wand of random effects (17)
Scrolls
 b - a scroll of noise {unknown}
 e - a scroll of magic mapping {unknown}
 l - a scroll of fear {unknown}
 q - 2 scrolls of teleportation {unknown}
 s - a scroll of amnesia {unknown}
 v - a scroll of identify
 w - a scroll of enchant weapon {unknown}
Potions
 d - a potion of might
 h - 3 potions of lignification
 k - 2 potions of agility
 p - a potion of haste
 u - a potion of brilliance
 z - a potion of mutation
Comestibles
 f - 9 rations


   Skills:
 + Level 8.8 Fighting
 + Level 10.0 Short Blades
 + Level 6.6 Armour
 - Level 0.6 Dodging
 + Level 6.7 Shields


You had 7 spell levels left.
You didn't know any spells.
Your spell library was empty.

Dungeon Overview and Level Annotations

Branches:
Dungeon (4/15)
 Temple: D:4-7

Altars:
Ashenzari
Dithmenos
Fedhas
Nemelex Xobeh
Okawaru
Trog
Vehumet
Yredelemnul

Annotations:
D:4 Edmund


Innate Abilities, Weirdness & Mutations

You are small and have problems with some larger weapons.
You are carnivorous and can eat meat at any time.


Message History

You feel sick.
* * * LOW HITPOINT WARNING * * *
You feel sick.
* * * LOW HITPOINT WARNING * * *
You feel sick.
* * * LOW HITPOINT WARNING * * *
You feel sick.
Your transformation is almost over.
* * * LOW HITPOINT WARNING * * *
You feel sick.
* * * LOW HITPOINT WARNING * * *
You feel sick.
Really quaff the potion of lignification?
You are stuck in your current form!
There is a lethal amount of poison in your body!
* * * LOW HITPOINT WARNING * * *
You feel sick.
* * * LOW HITPOINT WARNING * * *
You feel sick.
You die...

#..........###
#............##
#...###.............#
#....##....<.......##
#.....#.........####
#............####
#............#
#...........## ###########
#......)..♣.# ###..........
#..........####............
#..........# #............#
##..........###............#
#.............#...........##
##[......####.............#
##<.###### ##..........###
#..## ##.....##### ##.##
##...##


There were no monsters in sight!

Vanquished Creatures
  Grinder (D:4)
  Eustachio (D:4)
  A phantom (D:4)
  A centaur skeleton (D:4)
  An iguana (D:4)
  3 orc wizards
  2 worker ants (D:4)
  3 adders
  2 oozes (D:4)
  4 worms
  2 leopard geckos
  14 orcs
  6 giant cockroaches
  6 goblins
  5 hobgoblins
  7 jackals
  4 quokkas (D:2)
  8 bats
  5 frilled lizards
  6 kobolds
  15 rats
97 creatures vanquished.

Notes
Turn   | Place    | Note
-------+----------+-------------------------------------------
     0 | D:1      | Borgoz the Kobold Fighter began the quest for the Orb.
     0 | D:1      | Reached XP level 1. HP: 14/14 MP: 1/1
    56 | D:1      | Reached XP level 2. HP: 11/19 MP: 2/2
   269 | D:1      | Reached skill level 3 in Short Blades
   697 | D:1      | Reached XP level 3. HP: 23/23 MP: 3/3
  1104 | D:2      | Reached XP level 4. HP: 4/29 MP: 4/4
  2031 | D:3      | Found an iron altar of Okawaru.
  2116 | D:3      | Found a shattered altar of Ashenzari.
  2116 | D:3      | Found a basalt altar of Yredelemnul.
  2119 | D:3      | Found a shadowy altar of Dithmenos.
  2119 | D:3      | Found a radiant altar of Vehumet.
  2142 | D:3      | Became a worshipper of Ashenzari the Shackled
  2310 | D:3      | Reached XP level 5. HP: 28/33 MP: 5/5
  2742 | D:3      | Reached skill level 4 in Short Blades
  3022 | D:4      | Reached XP level 6. HP: 36/39 MP: 6/6
  3060 | D:4      | Found a sparkling altar of Nemelex Xobeh.
  3100 | D:4      | Noticed a phantom
  3132 | D:4      | Killed a phantom
  3300 | D:4      | Reached skill level 5 in Short Blades
  3300 | D:4      | Reached XP level 7. HP: 35/44 MP: 7/7
  3301 | D:4      | Found a blossoming altar of Fedhas.
  3305 | D:4      | Noticed Edmund
  3335 | D:4      | Found a bloodstained altar of Trog.
  3734 | D:4      | Noticed Eustachio
  3852 | D:4      | Noticed Grinder
  3873 | D:4      | Killed Grinder
  3873 | D:4      | Reached skill level 5 in Fighting
  4156 | D:4      | Reached skill level 9 in Short Blades
  4156 | D:4      | Reached XP level 8. HP: 8/55 MP: 8/8
  4183 | D:4      | Killed Eustachio
  4183 | D:4      | Reached skill level 10 in Short Blades
  4185 | D:4      | HP: 4/84 [poisoned by Eustachio]
  4190 | D:4      | HP: 1/84 [poisoned by Eustachio]
  4193 | D:4      | Succumbed to Eustachio's poison

Levels and vault maps discovered:
D:1:      tarquinn_simple_flora_water_e, layout_rooms
D:2:      layout_rooms, minmay_fractal_squares_5
D:3:      layout_loops_cross, grunt_temple_overflow_open
D:4:      layout_cave_pods, nemelex_xobeh_ov_fountains_minmay,
          nicolae_overflow_hidden_temple, first_ration, bloody_trog,
          uniq_eustachio, uniq_edmund, uniq_grinder

Skill      XL: |  1  2  3  4  5  6  7  8 |
---------------+-------------------------+-----
Short Blades   | 3 4 5 9 10 | 10.0
Fighting       | 4 8 |  8.8
Shields        | 3 6 |  6.7
Armour         | 3 6 |  6.6
Dodging        | |  0.6

Action                   |  1- 3 |  4- 6 |  7- 9 || total
-------------------------+-------+-------+-------++-------
Melee: Rapier            |   148 |   234 |    93 ||   475
Invok: Curse Item        |       |       |     1 ||     1
Evoke: Wand              |       |       |     1 ||     1
  Use: Potion            |       |     1 |     5 ||     6
       Scroll            |       |     4 |       ||     4
  Eat: Chunk             |     9 |     8 |     1 ||    18
Armor: Scale mail        |    46 |    42 |       ||    88
       Chain mail        |       |    27 |    31 ||    58
       Skin              |       |       |    82 ||    82
Dodge: Dodged            |    56 |    73 |    30 ||   159
Block: Shield            |    84 |   123 |    73 ||   280

Table legend:
 A = Non-vault XP
 B = Vault XP
 C = Vault XP percentage of total XP
 D = Non-vault monster count
 E = Vault monster count
 F = Vault count percentage of total count
                 A         B        C        D         E       F
            +---------+---------+-------+---------+---------+-------
      Total |     576 |     518 |  47.3 |      88 |       9 |   9.3
            +---------+---------+-------+---------+---------+-------
        D:1 |      31 |       0 |   0.0 |      20 |       0 |   0.0
        D:2 |      33 |      15 |  31.2 |      18 |       7 |  28.0
        D:3 |     132 |       0 |   0.0 |      33 |       0 |   0.0
        D:4 |     380 |     503 |  57.0 |      17 |       2 |  10.5
            +---------+---------+-------+---------+---------+-------
